cohdb
Replays
Latest Replays
All Replays
Popular Replays
Top Player Replays
Match Explorer
How It Works
Community
CoH3 Stats
Reddit
Sign in to upload your games and track your stats! →
Sign in with Steam
Match 43196467
Unlisted
Match 43196467
Overview
Messages
Build Orders
End
Panzergrenadier Squad
Panzerpioneer Squad
Selects Battlefield Espionage Battlegroup
250 Light Carrier
Panzergrenadier Squad
Construct Light Support Kompanie
Combat Half-tracks
2.5-tonne Medical Truck
Fire Support Elements
Selects 250/3 Funkpanzerwagen
Panzerjäger Mechanized Group
Construct Mechanized Kompanie
Veteran Squad Leaders
StuG III D Assault Gun
Vehicle Survival Package
Selects Advanced Ambush Training
Marder III Tank Destroyer
Construct Panzerarmee Kommand
Selects Intel Disruption Beacon
Walking Stuka Rocket Launcher
2.5-tonne Medical Truck
Selects Plunder
Panzer III L Medium Tank
Emergency Repair Kits
Tungsten Core Ammunition
Panzer III L Medium Tank
Selects Firestorm
pain peko
Zerg6412
simranjitsingh713
UwU
Looney
Kamooos
WebsterBolek
崔小海
0
0
Comments
sign in to comment!
No comments posted yet!